 Dungeon Crawl Stone Soup version 0.31-a0-175-g9f7f995f2b (webtiles) character file.

Game seed: 874459266108981207

170 qw the Shooter (level 5, -5/49 HPs)
             Began as a Naga Hunter on June 16, 2023.
             Slain by a black bear (7 damage)
             ... on level 6 of the Dungeon.
             The game lasted 00:00:44 (1982 turns).

qw the Shooter (Naga Hunter)                        Turns: 1982, Time: 00:00:45

Health: -5/49      AC:  4    Str: 13    XL:     5   Next: 51%
Magic:  5/5        EV:  9    Int: 10    God:
Gold:   40         SH:  0    Dex: 16    Spells: 4/4 levels left

rFire   . . .        i - +0 shortbow (heavy)
rCold   . . .        (shield currently unavailable)
rNeg    . . .        c - +0 leather armour
rPois   +            a - +0 helmet
rElec   .            (no cloak)
rCorr   .            (no gloves)
SInv    +            (no barding)
Will    .....        (no amulet)
Stlth   ++           (no ring)
HPRegen 0.28/turn    (no ring)
MPRegen 0.09/turn

%: no passive effects
@: about to teleport, short of breath, very slow
A: AC +1, large, see invisible, deformed body, poison resistance, slowness 2,
spit poison 1, naga tail 1
a: Spit Poison


You were on level 6 of the Dungeon.
You visited 1 branch of the dungeon, and saw 4 of its levels.

You collected 119 gold pieces.
You spent 79 gold pieces at shops.


Innate Abilities, Weirdness & Mutations

Your serpentine skin is tough. (AC +1)
You have supernaturally acute eyesight. (SInv)
Armour fits poorly on your strangely shaped body.
Your system is resistant to poisons. (rPois)
You cover ground very slowly.
You can spit poison.
You have a snake-like lower body.


   Skills:
 - Level 3.3 Fighting
 + Level 5.4 Ranged Weapons
 - Level 1.5 Dodging
 - Level 1.5 Stealth


You had 4 spell levels left.
You didn't know any spells.
Your spell library was empty.

Inventory:

Hand Weapons
 i - a +0 heavy shortbow (weapon)
Armour
 a - a +0 helmet (worn)
 c - a +0 leather armour (worn)
Scrolls
 f - a scroll of noise {unknown}
 g - 4 scrolls of identify
Potions
 b - a potion of enlightenment {unknown}
 d - a potion of might
 e - a potion of heal wounds
 j - a potion of mutation {unknown}

Dungeon Overview and Level Annotations

Branches:
Dungeon (6/15)
 Temple: D:4-7

Altars:

Shops:
D:2 (*?!


Message History

You shoot an arrow. The arrow hits the orc.
The orc is severely wounded.
A black bear comes into view.
The orc barely misses you. The orc hits you with a +0 whip.
The black bear moves out of view.
You shoot an arrow. The arrow hits the orc.
You kill the orc!
You have got your breath back.
The orc wizard hits you with a +0 dagger.
1976 ||| INVOKING Spit Poison.
Aiming: Spit Poison (1% risk of failure)
Press: ? - help, Shift-Dir - straight line, f - orc wizard The splash of poison hits the orc wizard.
The orc wizard is poisoned.
The orc wizard is heavily wounded.
The orc wizard hits you with a +0 dagger.
You shoot an arrow.
The arrow closely misses the orc wizard.
The black bear growls angrily.
The orc wizard hits you but does no damage.
You shoot an arrow. The arrow hits the orc wizard!!
You kill the orc wizard!
The orc hits you with a +0 dagger. x2
You shoot an arrow. The arrow barely misses the orc.
You have got your breath back.
The orc hits you with a +0 dagger. The orc closely misses you.
1980 ||| INVOKING Spit Poison.
Aiming: Spit Poison (1% risk of failure)
Press: ? - help, Shift-Dir - straight line, f/p - orc The splash of poison hits the orc!
The orc is poisoned.
You kill the orc!
You shoot an arrow. The arrow barely misses the black bear.
The black bear bites you! The black bear claws you.
The black bear barely misses you. The black bear bites you.
The black bear claws you. The black bear barely misses you.
1982 ||| READING scroll of teleportation.
As you read the scroll of teleportation, it crumbles to dust.
You feel strangely unstable. The black bear bites you!
You die...

.. .. .###.#
...... ...... #
......#######..
#...)........
#...h@...###.
#............
#..........#.
.##..........# #
........##...#.#
#######......#.#
.
#........>....#..
#.####...........
#.....(.....


You could see a black bear.

Vanquished Creatures
  An orc priest (D:6)
  2 orc wizards (D:6)
  2 adders (D:2)
  4 dart slugs
  2 orcs (D:6)
  5 bats
  5 endoplasms
  2 giant cockroaches
  9 goblins
  3 hobgoblins
  9 jackals
  A quokka (D:1)
  4 ball pythons
  5 frilled lizards
  7 kobolds
  2 rats
63 creatures vanquished.

Notes
Turn   | Place    | Note
-------+----------+-------------------------------------------
     0 | D:1      | qw the Naga Hunter began the quest for the Orb.
     0 | D:1      | Reached XP level 1. HP: 19/19 MP: 1/1
     0 | D:1      | 0 ||| qw: Version: 0.2-a-29-g511e9b1
     0 | D:1      | 0 ||| qw: Game counter: 5936
     0 | D:1      | 0 ||| qw: Always use a shield: true
     0 | D:1      | 0 ||| qw: God list: Okawaru
     0 | D:1      | 0 ||| qw: Allow faded altars: false
     0 | D:1      | 0 ||| qw: Do Orc after D:15 true
     0 | D:1      | 0 ||| qw: Do second Lair branch before Depths: true
     0 | D:1      | 0 ||| qw: Lair rune preference: random
     0 | D:1      | 0 ||| qw: Plans: Normal
     0 | D:1      | 0 ||| PLANNING D:1-11
    28 | D:1      | 28 ||| INVOKING Spit Poison.
    34 | D:1      | 34 ||| INVOKING Spit Poison.
    58 | D:1      | 58 ||| INVOKING Spit Poison.
    59 | D:1      | 59 ||| INVOKING Spit Poison.
    63 | D:1      | Reached skill level 4 in Ranged Weapons
    63 | D:1      | Reached XP level 2. HP: 26/26 MP: 2/2
    64 | D:1      | 64 ||| INVOKING Spit Poison.
    70 | D:1      | 70 ||| INVOKING Spit Poison.
    75 | D:1      | 75 ||| INVOKING Spit Poison.
   172 | D:1      | 172 ||| INVOKING Spit Poison.
   193 | D:1      | 193 ||| INVOKING Spit Poison.
   329 | D:1      | 329 ||| INVOKING Spit Poison.
   405 | D:1      | 405 ||| INVOKING Spit Poison.
   431 | D:1      | 431 ||| INVOKING Spit Poison.
   437 | D:1      | 437 ||| INVOKING Spit Poison.
   455 | D:1      | Reached XP level 3. HP: 32/32 MP: 3/3
   492 | D:1      | 492 ||| INVOKING Spit Poison.
   498 | D:1      | 498 ||| INVOKING Spit Poison.
   504 | D:1      | 504 ||| INVOKING Spit Poison.
   516 | D:1      | 516 ||| INVOKING Spit Poison.
   551 | D:1      | Found a faded altar of an unknown god.
   647 | D:1      | 647 ||| INVOKING Spit Poison.
   659 | D:1      | 659 ||| INVOKING Spit Poison.
   692 | D:1      | 692 ||| INVOKING Spit Poison.
   793 | D:1      | 793 ||| READING scroll labelled AGOFE NIPRENG.
   794 | D:1      | 794 ||| READING 3 scrolls labelled YTU SYMAOSH.
   795 | D:1      | 795 ||| READING scroll labelled XOWNI TASYNWESH.
   796 | D:1      | 796 ||| READING scroll labelled FAOLET IPIMOSM.
   799 | D:1      | 799 ||| DRINKING 2 orange potions.
   800 | D:1      | 800 ||| READING 2 scrolls of identify.
   800 | D:1      | 800 ||| IDENTIFYING black potion
   801 | D:1      | 801 ||| DROPPING scroll of butterflies.
   834 | D:2      | 834 ||| INVOKING Spit Poison.
   897 | D:2      | 897 ||| INVOKING Spit Poison.
   914 | D:2      | 914 ||| INVOKING Spit Poison.
   927 | D:2      | 927 ||| INVOKING Spit Poison.
   951 | D:2      | 951 ||| INVOKING Spit Poison.
   998 | D:2      | 998 ||| INVOKING Spit Poison.
  1035 | D:2      | 1035 ||| INVOKING Spit Poison.
  1038 | D:2      | Reached skill level 5 in Ranged Weapons
  1038 | D:2      | Reached XP level 4. HP: 39/39 MP: 4/4
  1043 | D:2      | 1043 ||| INVOKING Spit Poison.
  1051 | D:2      | Found Ocuuw's Assorted Antiques.
  1058 | D:2      | 1058 ||| SHOPLISTING potion of heal wounds (95 gold, have
                  | 86).
  1058 | D:2      | 1058 ||| BUYING scroll labelled VURUN KAAPHASK (19 gold).
  1058 | D:2      | Bought a scroll labelled VURUN KAAPHASK for 19 gold pieces
  1058 | D:2      | 1058 ||| SHOPLISTING scroll of enchant armour (142 gold,
                  | have 67).
  1058 | D:2      | 1058 ||| SHOPLISTING wooden ring (95 gold, have 67).
  1062 | D:2      | 1062 ||| INVOKING Spit Poison.
  1083 | D:2      | Found Gekavvaju's Weapon Shoppe.
  1119 | D:2      | 1119 ||| INVOKING Spit Poison.
  1136 | D:2      | Found Tempy's Magic Scroll Emporium.
  1145 | D:2      | 1145 ||| SHOPLISTING scroll of acquirement (624 gold, have
                  | 67).
  1145 | D:2      | 1145 ||| SHOPLISTING scroll of enchant weapon (90 gold,
                  | have 67).
  1145 | D:2      | 1145 ||| BUYING scroll of identify (24 gold).
  1145 | D:2      | Bought a scroll of identify for 24 gold pieces
  1145 | D:2      | 1145 ||| BUYING scroll of teleportation (36 gold).
  1145 | D:2      | Bought a scroll of teleportation for 36 gold pieces
  1145 | D:2      | 1145 ||| SHOPLISTING scroll of teleportation (36 gold, have
                  | 7).
  1147 | D:2      | 1147 ||| INVOKING Spit Poison.
  1150 | D:2      | 1150 ||| INVOKING Spit Poison.
  1283 | D:2      | Found Azyimise's Distillery.
  1289 | D:2      | 1289 ||| SHOPLISTING potion of curing (30 gold, have 7).
  1289 | D:2      | 1289 ||| SHOPLISTING potion of haste (100 gold, have 7).
  1289 | D:2      | 1289 ||| SHOPLISTING potion of mutation (80 gold, have 7).
  1350 | D:2      | 1350 ||| INVOKING Spit Poison.
  1364 | D:2      | 1364 ||| INVOKING Spit Poison.
  1369 | D:2      | 1369 ||| INVOKING Spit Poison.
  1424 | D:2      | 1424 ||| INVOKING Spit Poison.
  1429 | D:2      | 1429 ||| INVOKING Spit Poison.
  1569 | D:2      | 1569 ||| INVOKING Spit Poison.
  1666 | D:2      | 1666 ||| UPGRADING to +0 helmet.
  1671 | D:2      | 1671 ||| READING scroll labelled VURUN KAAPHASK.
  1672 | D:2      | 1672 ||| READING scroll labelled LOHACH ZIH XUN.
  1673 | D:2      | 1673 ||| READING scroll labelled EFROROMIKK.
  1674 | D:2      | 1674 ||| READING 2 scrolls of identify.
  1674 | D:2      | 1674 ||| IDENTIFYING emerald potion
  1675 | D:2      | 1675 ||| DROPPING potion of lignification.
  1762 | D:3      | 1762 ||| INVOKING Spit Poison.
  1773 | D:3      | 1773 ||| INVOKING Spit Poison.
  1855 | D:3      | 1855 ||| INVOKING Spit Poison.
  1937 | D:3      | You fall into a shaft and drop 3 floors!
  1950 | D:6      | 1950 ||| INVOKING Spit Poison.
  1951 | D:6      | 1951 ||| Stepping ~*~*~tactically~*~*~ (outnumbered).
  1955 | D:6      | 1955 ||| INVOKING Spit Poison.
  1957 | D:6      | Reached skill level 3 in Fighting
  1957 | D:6      | Reached XP level 5. HP: 38/49 MP: 5/5
  1959 | D:6      | 1959 ||| INVOKING Spit Poison.
  1970 | D:6      | 1970 ||| INVOKING Spit Poison.
  1973 | D:6      | 1973 ||| INVOKING Spit Poison.
  1974 | D:6      | Noticed a black bear
  1976 | D:6      | 1976 ||| INVOKING Spit Poison.
  1980 | D:6      | 1980 ||| INVOKING Spit Poison.
  1981 | D:6      | HP: 11/49 [black bear (7)]
  1981 | D:6      | HP: 5/49 [black bear (4)]
  1981 | D:6      | HP: 2/49 [black bear (3)]
  1982 | D:6      | 1982 ||| READING scroll of teleportation.
  1982 | D:6      | Slain by a black bear

Levels and vault maps discovered:
D:1:      saegor_arrival_simple_e, layout_basic,
          dilly_ecumenical_altar_fadedgnrine
D:2:      layout_loops_corners, serial_shops, shop,
          nicolae_shop_just_a_little_nook, nicolae_shop_rolling_square,
          nicolae_shop_getting_attention
D:3:      layout_loops_ring, grunt_temple_overflow_open
D:6:      layout_basic, serial_shops, shop,
          nicolae_shop_competitors_out_of_business, ebering_ghost_sewer_d,
          minmay_fractal_squares_diagonal_5

Skill      XL: |  1  2  3  4 |
---------------+-------------+-----
Ranged Weapons | 4 5 |  5.4
Fighting       | 3 |  3.3
Dodging        | |  1.5
Stealth        | |  1.5

Action                     |  1- 3 |  4- 6 || total
---------------------------+-------+-------++-------
   Fire: Shortbow          |    58 |    37 ||    95
Ability: Spit Poison       |    26 |    21 ||    47
    Use: Scroll            |     5 |     5 ||    10
         Potion            |     1 |       ||     1
 Armour: Leather armour    |    13 |     3 ||    16
  Dodge: Dodged            |    27 |    10 ||    37

Table legend:
 A = Non-vault XP
 B = Vault XP
 C = Vault XP percentage of total XP
 D = Non-vault monster count
 E = Vault monster count
 F = Vault count percentage of total count
                 A         B        C        D         E       F
            +---------+---------+-------+---------+---------+-------
      Total |     244 |       0 |   0.0 |      63 |       0 |   0.0
            +---------+---------+-------+---------+---------+-------
        D:1 |      54 |       0 |   0.0 |      30 |       0 |   0.0
        D:2 |      66 |       0 |   0.0 |      21 |       0 |   0.0
        D:3 |      10 |       0 |   0.0 |       7 |       0 |   0.0
        D:6 |     114 |       0 |   0.0 |       5 |       0 |   0.0
            +---------+---------+-------+---------+---------+-------
